 Dungeon Crawl Stone Soup version 0.28-a0-932-g843f935a50 (webtiles) character file.

Game seed: 6590104656209535086

493 bearlyready the Bolt Thrower (level 6, 0/58 HPs)
             Began as a Minotaur Hunter on Nov 28, 2021.
             Was an Initiate of Trog.
             Slain by a wyvern (6 damage)
             ... on level 5 of the Dungeon.
             The game lasted 00:05:28 (5078 turns).

bearlyready the Bolt Thrower (Minotaur Hunter)      Turns: 5078, Time: 00:05:29

Health: 0/58       AC:  5    Str: 17 (18) XL:     6   Next: 92%
Magic:  5/5        EV: 11    Int:  7 (8)  God:    Trog [......]
Gold:   252        SH:  0    Dex:  9 (11) Spells: 5/5 levels left

rFire   . . .      SeeInvis .   a - +1 hand crossbow
rCold   + . .      Faith    .   (no shield)
rNeg    . . .      Spirit   .   r - +0 ring mail
rPois   .          Reflect  .   (helmet restricted)
rElec   .          Harm     .   (no cloak)
rCorr   .          Rampage  .   (no gloves)
Will    .....                   (no boots)
Stlth   +.........              (no amulet)
HPRegen 0.19/turn               j - ring of protection from cold
MPRegen 0.09/turn               (no ring)

@: weak-willed
A: horns 2, retaliatory headbutt
a: Renounce Religion


You were on level 5 of the Dungeon.
You worshipped Trog.
Trog was noncommittal.
You visited 2 branches of the dungeon, and saw 6 of its levels.

You collected 252 gold pieces.

Inventory:

Hand Weapons
 a - a +1 hand crossbow (weapon)
 b - a +1 dagger of draining
 o - a +0 flail
 s - a +0 short sword
Missiles
 d - 12 bolts (quivered ammo)
 e - 70 stones
 g - 4 atropa-tipped darts
 u - 15 sling bullets
 A - 30 arrows
Armour
 c - a +0 leather armour
 l - a +0 tower shield
 r - a +0 ring mail (worn)
Jewellery
 j - a ring of protection from cold (left hand)
Wands
 w - a wand of polymorph (9)
Scrolls
 k - 2 scrolls of fog {unknown}
 n - 2 scrolls of identify {unknown}
 x - a scroll of amnesia {unknown}
 y - 3 scrolls of teleportation {unknown}
 B - a scroll of enchant weapon {unknown}
Potions
 f - a potion of degeneration
 h - a potion of invisibility {unknown}
 i - a potion of mutation {unknown}
 m - a potion of might {unknown}
 p - a potion of heal wounds {unknown}
 t - a potion of magic {unknown}
 v - a potion of curing {unknown}
 z - a potion of attraction {unknown}


   Skills:
 + Level 6.4 Fighting
 + Level 0.8 Maces & Flails
 + Level 7.1 Crossbows
 - Level 2.1 Dodging
 - Level 0.7 Stealth
 + Level 0.5 Evocations


You had 5 spell levels left.
You didn't know any spells.
Your spell library contained the following spells:

 Spells                   Type           Power      Damage    Failure   Level
 Blink                    Tloc           0%         N/A       78%         2
 Lesser Beckoning         Tloc           0%         N/A       95%         3
 Manifold Assault         Tloc           0%         N/A       100%        5
 Chain Lightning          Conj/Air       0%         N/A       100%        9
 Fire Storm               Conj/Fire      0%         5d1       100%        9
 Shatter                  Erth           0%         3d5*      100%        9


Dungeon Overview and Level Annotations

Branches:
Dungeon (5/15)             Temple (1/1) D:4

Altars:
Cheibriados
Gozag
Hepliaklqana
Kikubaaqudgha
Makhleb
Nemelex Xobeh
Okawaru
Qazlal
Trog
Vehumet
Wu Jian
Yredelemnul
Zin

Annotations:
D:2 1 runed translucent door, Crazy Yiuf


Innate Abilities, Weirdness & Mutations

You have a pair of horns on your head.
You reflexively headbutt those who attack you in melee.


Message History

You climb downwards.
Welcome back to the Ecumenical Temple!
There is a staircase back to the Dungeon here.
You climb upwards.
Welcome back to the Dungeon!
There is a staircase to the Ecumenical Temple here.
There is a stone staircase leading down here.
You climb downwards.
The wyvern hisses angrily.
Found a stone staircase leading down.
There is a stone staircase leading up here.
a - a +1 hand crossbow (weapon)
Fire: 16 bolts
Press: ? - help, Q - select action, (/) - cycle Shift-Dir - straight line, f - wyvern
Aim: a wyvern (67% to hit)
You shoot a bolt. The bolt hits the wyvern.
The wyvern is lightly wounded.
Fire: 15 bolts
Press: ? - help, Q - select action, (/) - cycle Shift-Dir - straight line, f/p - wyvern
Aim: a wyvern (lightly wounded, 67% to hit)
You shoot a bolt. The bolt barely misses the wyvern.
Fire: 14 bolts
Press: ? - help, Q - select action, (/) - cycle Shift-Dir - straight line, f/p - wyvern
Aim: a wyvern (lightly wounded, 67% to hit)
You shoot a bolt.
The bolt hits the wyvern but does no damage.
The wyvern is lightly wounded.
You shoot a bolt. The bolt completely misses the wyvern.
The wyvern bites you! x2
You are too injured to fight recklessly!
You are too injured to fight recklessly!
Okay, then.
It was a potion of degeneration.
There was something very wrong with that liquid.
You feel weakened.
You feel dopey.
You feel clumsy. The wyvern bites you. x2
Okay, then.
As you read the scroll labelled TARCHE GAHUUH, it crumbles to dust.
Magic quickly surges around you.
It was a scroll of vulnerability.
The wyvern bites you!
* * * LOW HITPOINT WARNING * * *
The wyvern bites you.
You die...

###...###.
.#......
.......
..... ....
..# #.#
.#######@#
.......#
..# ##(#
#(#


You could see a wyvern (weak-willed).

Vanquished Creatures
  A necrophage (D:4)
  An ogre (D:4)
  A scorpion (D:4)
  An orc priest (D:3)
  Terence (D:2)
  Ijyb (D:3)
  2 iguanas
  A hound skeleton (D:4)
  A gnoll (D:1)
  3 adders
  2 adder skeletons (D:4)
  A worm (D:2)
  A dart slug (D:2)
  4 orcs
  5 ball pythons
  6 endoplasms
  6 giant cockroaches
  6 goblins
  3 hobgoblins
  3 jackals (D:2)
  6 kobolds
  6 quokkas
  5 bats
  3 frilled lizards
  4 rats
74 creatures vanquished.

Vanquished Creatures (others)
  2 plants (D:4)
2 creatures vanquished.

Grand Total: 76 creatures vanquished

Notes
Turn   | Place    | Note
-------+----------+-------------------------------------------
     0 | D:1      | bearlyready the Minotaur Hunter began the quest for the
                  | Orb.
     0 | D:1      | Reached XP level 1. HP: 18/18 MP: 0/0
   137 | D:1      | Reached XP level 2. HP: 18/25 MP: 1/1
   527 | D:1      | Reached skill level 5 in Crossbows
   721 | D:1      | Reached XP level 3. HP: 31/31 MP: 2/2
  1095 | D:2      | Found a faded altar of an unknown god.
  1258 | D:2      | Noticed Terence
  1290 | D:2      | Killed Terence
  1291 | D:2      | Reached XP level 4. HP: 22/40 MP: 3/3
  1585 | D:2      | Found a runed translucent door.
  1586 | D:2      | Noticed Crazy Yiuf
  1811 | D:2      | Found a sparkling altar of Nemelex Xobeh.
  2303 | D:3      | Found a stormy altar of Qazlal.
  2714 | D:3      | Reached XP level 5. HP: 37/47 MP: 4/4
  2922 | D:3      | Reached skill level 6 in Crossbows
  3095 | D:3      | Noticed Ijyb
  3095 | D:3      | Paralysed by Ijyb for 4 turns
  3108 | D:3      | Killed Ijyb
  3109 | D:3      | Reached skill level 5 in Fighting
  3656 | D:4      | Found a staircase to the Ecumenical Temple.
  3661 | D:4      | Noticed a necrophage
  3667 | Temple   | Entered the Ecumenical Temple
  3871 | Temple   | Became a worshipper of Trog the Wrathful
  3917 | D:4      | Killed a necrophage
  3918 | D:4      | Reached XP level 6. HP: 23/57 MP: 5/5
  4381 | D:4      | Reached skill level 7 in Crossbows
  5070 | D:5      | Entered Level 5 of the Dungeon
  5070 | D:5      | Noticed a wyvern
  5078 | D:5      | Slain by a wyvern

Illustrated notes

Levels and vault maps discovered:
D:1:      dpeg_arrival_court, layout_loops_ring
D:2:      layout_basic, basic_altar, hellmonk_ecumenical_altar_blasted,
          minmay_tromino_v4_b, uniq_crazy_yiuf_cottage, uniq_terence
D:3:      layout_basic, nicolae_qazlal_scattered_showers, uniq_ijyb
D:4:      layout_cave_pools, minmay_temple_entry_trees, serial_forest,
          infiniplex_forest_end_2, infiniplex_forest_lined_2,
          infiniplex_forest_clump_double, infiniplex_forest_lined_room_2,
          infiniplex_forest_straight_4, infiniplex_forest_zigzag_1,
          infiniplex_forest_corner_1, grunt_decor_clamped
D:5:      layout_loops_cross, uniq_menkaure
Temple:   minmay_temple_bridge_abc

Skill      XL: |  1  2  3  4  5  6 |
---------------+-------------------+-----
Fighting       | 3 4 5 6 |  6.4
Crossbows      | 5 6 7 |  7.1
Maces & Flails | |  0.8
Dodging        | |  2.1
Stealth        | |  0.7
Evocations     | |  0.5

Action                   |  1- 3 |  4- 6 || total
-------------------------+-------+-------++-------
Melee: Short sword       |    44 |    46 ||    90
       Headbutt          |    11 |    26 ||    37
       Dagger            |       |    88 ||    88
 Fire: Hand crossbow     |     8 |    14 ||    22
Throw: Dart              |       |     2 ||     2
Evoke: Wand              |       |     5 ||     5
  Use: Scroll            |       |     1 ||     1
       Potion            |       |     1 ||     1
 Stab: Sleeping          |     3 |     2 ||     5
Armor: Leather armour    |     9 |     5 ||    14
       Ring mail         |       |    40 ||    40
Dodge: Dodged            |    23 |    83 ||   106

Table legend: (Time is in decaauts)
 A = Elapsed time spent in this place.
 B = Non-inter-level travel time spent in this place.
 C = Inter-level travel time spent in this place.
 D = Time resting spent in this place.
 E = Time spent auto-exploring this place.
 F = Levels seen in this place.
 G = Mean time per level.
                   A        B        C        D        E       F      G
               +--------+--------+--------+--------+--------+-----+--------+
         Total |   5085 |   4958 |    127 |    359 |   3996 |   6 |  847.5 |
       Dungeon |   4856 |   4750 |    106 |    359 |   3812 |   5 |  971.2 |
        Temple |    229 |    208 |     21 |      0 |    184 |   1 |  229.0 |
               +--------+--------+--------+--------+--------+-----+--------+

Top non-repeatable levels by time:
     D:3: 1473 daAuts
     D:4: 1186 daAuts
     D:2: 1145 daAuts
     D:1: 1043 daAuts
  Temple: 229 daAuts
     D:5: 7 daAuts
